 Dungeon Crawl Stone Soup version 0.21-a0-331-gfb491b4 (webtiles) character file.

51 4thArraOfDagon the Covered (level 3, -5/31 HPs)
             Began as a Gnoll Wanderer on Oct 2, 2017.
             Slain by a black bear (8 damage)
             ... on level 6 of the Dungeon.
             The game lasted 00:01:40 (373 turns).

4thArraOfDagon the Covered (Gnoll Wanderer)          Turns: 373, Time: 00:01:40

Health: -5/31      AC:  9    Str: 15    XL:     3   Next: 83%
Magic:  7/7        EV:  9    Int: 14    God:
Gold:   21         SH:  0    Dex: 14    Spells: 7/7 levels left

rFire    . . .     SeeInvis .   b - +0 shortbow
rCold    . . .     Gourm    +   (shield currently unavailable)
rNeg     . . .     Faith    .   a - +2 scale mail
rPois    .         Spirit   .   (no helmet)
rElec    .         Reflect  .   (no cloak)
rCorr    .         Harm     .   (no gloves)
MR       .....                  (no boots)
Stlth    ..........             i - amulet of the gourmand
HPRegen  0.10/turn              (no ring)
MPRegen  0.10/turn              (no ring)

@: no status effects
A: distributed training, fangs 1, strong nose
a: no special abilities


You were on level 6 of the Dungeon.
You were not hungry.

You visited 1 branch of the dungeon, and saw 4 of its levels.

You collected 21 gold pieces.

Inventory:

Hand Weapons
 b - a +0 shortbow (weapon)
 e - a +0 blowgun
Missiles
 c - 38 arrows (quivered)
 d - 5 poisoned needles
Armour
 a - a +2 scale mail (worn)
Jewellery
 i - an amulet of the gourmand (around neck)
Scrolls
 g - 2 scrolls of remove curse {unknown}
 h - a scroll of random uselessness {unknown}
Potions
 j - 2 potions of agility {unknown}
Comestibles
 f - 2 bread rations


   Skills:
 + Level 4.5 Fighting
 + Level 0.9 Short Blades
 + Level 0.9 Long Blades
 + Level 0.9 Axes
 + Level 0.9 Maces & Flails
 + Level 0.9 Polearms
 + Level 0.9 Staves
 + Level 0.9 Slings
 + Level 0.9 Bows
 + Level 0.9 Crossbows
 + Level 4.5 Throwing
 + Level 6.5 Armour
 + Level 0.9 Dodging
 + Level 0.9 Stealth
   Level 0.0 Stabbing
 + Level 0.9 Shields
   Level 0.0 Traps
 + Level 0.9 Unarmed Combat
 + Level 2.8 Spellcasting
 + Level 2.6 Conjurations
 + Level 0.9 Hexes
 + Level 0.9 Charms
 + Level 0.9 Summonings
 + Level 0.9 Necromancy
 + Level 0.9 Translocations
 + Level 0.9 Transmutations
 + Level 0.9 Fire Magic
 + Level 0.9 Ice Magic
 + Level 0.9 Air Magic
 + Level 0.9 Earth Magic
 + Level 2.6 Poison Magic
 + Level 0.9 Invocations
 + Level 0.9 Evocations


You had 7 spell levels left.
You didn't know any spells.

Dungeon Overview and Level Annotations

Branches:
Dungeon (3/15)

Altars:

Annotations:
D:6 p0werm0de's ghost, novice OpIE


Innate Abilities, Weirdness & Mutations

Your experience applies equally to all skills.
You have very sharp teeth.
Your uncanny sense of smell can sniff out nearby items.


Message History

The black bear bites you.
The black bear claws you but does no damage.
The black bear barely misses you.
Firing (i - inventory):
c - 40 arrows (quivered)
Press: ? - help, Shift-Dir - straight line, f/p - black bear
Aim: a black bear (severely wounded, berserk, fast, unusually strong, poisoned)
You shoot an arrow. The arrow barely misses the black bear.
The black bear bites you.
The black bear claws you but does no damage. x2
Unknown command.
Firing (i - inventory):
c - 39 arrows (quivered)
Press: ? - help, Shift-Dir - straight line, f/p - black bear
Aim: a black bear (almost dead, berserk, fast, unusually strong, poisoned)
You shoot an arrow.
The arrow closely misses the black bear.
The black bear bites you!
* * * LOW HITPOINT WARNING * * *
The black bear claws you but does no damage. x2
The black bear bites you!
You die...

#.. #.# #.#.. #(#
#.#(.##(# #.#...#(#
#.#.#.#(#
#.#.#..(######.
#.#............
######.#....>.......
.......@h.....(.....
######.##...).......
... #...........
#### #...........
#...........
#...........
#........ #######


You could see a black bear (berserk).

Vanquished Creatures
  A crimson imp (D:6)
  A leopard gecko (D:3)
  An orc (D:3)
  A goblin (D:3)
  5 jackals (D:6)
  A kobold (D:3)
  2 bats
  A rat (D:3)
13 creatures vanquished.

Notes
Turn   | Place    | Note
-------+----------+-------------------------------------------
     0 | D:1      | 4thArraOfDagon the Gnoll Wanderer began the quest for the Orb.
     0 | D:1      | 4thArraOfDagon set off with: a +2 scale mail, a +0 shortbow, 28 arrows, 11 poisoned needles, a +0 blowgun, a bread ration
     0 | D:1      | Reached XP level 1. HP: 20/20 MP: 4/4
   202 | D:3      | Reached XP level 2. HP: 19/26 MP: 5/5
   254 | D:3      | You fall through a shaft for 3 floors!
   269 | D:6      | Noticed a crimson imp
   305 | D:6      | Killed a crimson imp
   305 | D:6      | Reached XP level 3. HP: 26/31 MP: 7/7
   323 | D:6      | Noticed p0werm0de's ghost (novice OpIE)
   357 | D:6      | Noticed a black bear
   373 | D:6      | Slain by a black bear

Vault maps used:
D:1:      nagdon_arrival_double_spiral
D:2:      uniq_sigmund, uniq_robin
D:3:      lemuel_round_altar, first_bread
D:6:      serial_bayou_pond_b

Action                   || total
-------------------------++-------
 Fire: Shortbow          ||    73
       Blowgun           ||     6
Armor: Scale mail        ||    55
Dodge: Dodged            ||    49

Table legend:
 A = Spawn XP
 B = Non-spawn XP
 C = Spawn XP percentage of total XP
 D = Spawn monster count
 E = Non-spawn monster count
 F = Spawn count percentage of total count
 G = Total turns spent on level
                    A         B        C        D         E        F      G
               +---------+---------+-------+---------+---------+-------+---------
         Total |       0 |      74 |   0.0 |       0 |      13 |   0.0 |   373
               +---------+---------+-------+---------+---------+-------+---------
           D:2 |       0 |       1 |   0.0 |       0 |       1 |   0.0 |    23
           D:3 |       0 |      13 |   0.0 |       0 |       6 |   0.0 |   139
           D:6 |       0 |      60 |   0.0 |       0 |       6 |   0.0 |   119
               +---------+---------+-------+---------+---------+-------+---------
